 Dungeon Crawl Stone Soup version 0.28.0-1-gb440e238dd (webtiles) character file.

Game seed: 9674133033741334638

10 Morbidden the Skirmisher (level 2, -2/24 HPs)
             Began as a Demonspawn Fighter on Feb 21, 2022.
             Slain by a goblin (3 damage)
             ... on level 1 of the Dungeon.
             The game lasted 00:00:23 (255 turns).

Morbidden the Skirmisher (Demonspawn Fighter)        Turns: 255, Time: 00:00:24

Health: -2/24      AC:  7    Str: 16    XL:     2   Next: 10%
Magic:  2/2        EV:  8    Int:  9    God:
Gold:   5          SH:  4    Dex: 12    Spells: 1/1 levels left

rFire   . . .      SeeInvis .   a - +0 long sword
rCold   . . .      Faith    .   c - +0 buckler
rNeg    . . .      Spirit   .   b - +1 scale mail
rPois   .          Reflect  .   (no helmet)
rElec   .          Harm     .   (no cloak)
rCorr   .          Rampage  .   (no gloves)
Will    .....                   (no boots)
Stlth   ..........              (no amulet)
HPRegen 0.08/turn               (no ring)
MPRegen 0.08/turn               (no ring)

@: no status effects
A: powered by pain 1
a: no special abilities


You were on level 1 of the Dungeon.
You visited 1 branch of the dungeon, and saw 1 of its levels.

You collected 5 gold pieces.

Inventory:

Hand Weapons
 a - a +0 long sword (weapon)
Armour
 b - a +1 scale mail (worn)
 c - a +0 buckler (worn)
Potions
 d - a potion of might
 e - a potion of curing {unknown}


   Skills:
 + Level 3.2 Fighting
 + Level 1.8 Long Blades
 + Level 2.7 Armour
 + Level 0.1 Dodging
 + Level 3.0 Shields


You had one spell level left.
You didn't know any spells.
Your spell library was empty.

Dungeon Overview and Level Annotations

Branches:
Dungeon (1/15)

Altars:


Innate Abilities, Weirdness & Mutations

You sometimes gain a little power by taking damage.


Message History

You hit the goblin.
You kill the goblin!
A goblin comes into view. It is wielding a +0 dagger.
The kobold throws a stone.
You block the stone.
You have reached level 2!
Your demonic ancestry asserts itself...
You feel energised by your suffering.
The kobold throws a stone.
The stone hits you but does no damage.
Things that are here:
a +0 club; a goblin corpse The kobold hits you with a +0 dagger.
* * * LOW HITPOINT WARNING * * *
You hit the kobold.
You kill the kobold!
Your Shields skill increases to level 3!
Things that are here:
a +0 dagger; a stone; a kobold corpse You see here a bat corpse.
e - a puce potion
There are no items here.
Things that are here:
a +0 club; a goblin corpse The goblin shouts!
A goblin comes into view. It is wielding a +3 dagger.
The goblin shouts!
The goblin hits you but does no damage.
You slash the goblin!
You kill the goblin!
The goblin closely misses you. x2
The goblin hits you but does no damage.
You see here a +0 dagger.
The goblin hits you with a +3 dagger.
* * * LOW HITPOINT WARNING * * *
Unknown command.
You closely miss the goblin. The goblin hits you with a +3 dagger.
* * * LOW HITPOINT WARNING * * *
You hit the goblin.
The goblin is heavily wounded.
You block the goblin's attack. The goblin hits you with a +3 dagger.
You die...

#..........#
#..........#
#..........#
#.......)..# ####
###.......)..#
#...####............#
#..... +.............
#....###....#########
##...@.##....#
#....)g##....#
#..#...##....#
#......##...†#
##.##.###....###...
#...>.).)..........
########....###....
###### ##


You could see a goblin.

Vanquished Creatures
  An endoplasm (D:1)
  3 goblins (D:1)
  2 kobolds (D:1)
  2 ball pythons (D:1)
  A bat (D:1)
9 creatures vanquished.

Notes
Turn   | Place    | Note
-------+----------+-------------------------------------------
     0 | D:1      | Morbidden the Demonspawn Fighter began the quest for the
                  | Orb.
     0 | D:1      | Reached XP level 1. HP: 18/18 MP: 1/1
   231 | D:1      | Gained mutation: You sometimes gain a little power by
                  | taking damage. [demonic ancestry]
   231 | D:1      | Reached XP level 2. HP: 7/24 MP: 2/2
   254 | D:1      | HP: 1/24 [goblin (2)]
   255 | D:1      | Slain by a goblin

Illustrated notes

Levels and vault maps discovered:
D:1:      dpeg_arrival_long_road, layout_basic

Skill      XL: |  1  2 |
---------------+-------+-----
Shields        | 3 |  3.0
Fighting       | |  3.2
Long Blades    | |  1.8
Armour         | |  2.7
Dodging        | |  0.1

Action                   || total
-------------------------++-------
Melee: Long sword        ||    23
  Use: Scroll            ||     1
Armor: Scale mail        ||    24
Dodge: Dodged            ||    18
Block: Buckler           ||     6
